 Dungeon Crawl Stone Soup version 0.28.0-43-g3370ac3207 (webtiles) character file.

Game seed: 18120663755109916452

12 terff the Sneak (level 2, -7/19 HPs)
             Began as an Octopode Brigand on Mar 20, 2022.
             Was a Follower of Cheibriados.
             Mangled by an orc
             ... wielding a +0 flail
              (8 damage)
             ... on level 3 of the Dungeon.
             The game lasted 00:01:09 (335 turns).

terff the Sneak (Octopode Brigand)                   Turns: 335, Time: 00:01:10

Health: -7/19      AC:  1    Str: 12    XL:     2   Next: 33%
Magic:  2/2        EV: 12    Int: 15    God:    Cheibriados [*.....]
Gold:   11         SH:  0    Dex: 15    Spells: 1/1 levels left

rFire   . . .      SeeInvis .   a - +2 dagger
rCold   . . .      Faith    .   (no shield)
rNeg    . . .      Spirit   .   (helmet restricted)
rPois   .          Reflect  .   (no amulet)
rElec   .          Harm     .   (no ring)
rCorr   .          Rampage  .   (no ring)
Will    .....                   (no ring)
Stlth   ++++......              (no ring)
HPRegen 0.06/turn               (no ring)
MPRegen 0.08/turn               (no ring)
                                (no ring)
                                (no ring)

@: very slow
A: almost no armour, amphibious, 8 rings, camouflage 1, gelatinous body 1,
(nimble swimmer 1), tentacles
a: Renounce Religion, Bend Time


You were on level 3 of the Dungeon.
You worshipped Cheibriados.
Cheibriados was aware of your devotion.
You visited 1 branch of the dungeon, and saw 3 of its levels.

You collected 11 gold pieces.

Inventory:

Hand Weapons
 a - a +2 dagger (weapon)
Missiles
 b - 10 poisoned darts (quivered)
 c - 2 curare-tipped darts
Scrolls
 d - a scroll of amnesia {unknown}


   Skills:
 + Level 2.1 Fighting
 + Level 2.1 Short Blades
 + Level 2.0 Throwing
 + Level 1.0 Dodging
 + Level 6.0 Stealth


You had one spell level left.
You didn't know any spells.
Your spell library was empty.

Dungeon Overview and Level Annotations

Branches:
Dungeon (3/15)

Altars:
Cheibriados


Innate Abilities, Weirdness & Mutations

You cannot wear most types of armour.
You are amphibious.
You can wear up to eight rings at the same time.
Your skin changes colour to match your surroundings (Stealth+).
Your rubbery body absorbs attacks. (AC +1, EV +1)
((You are camouflaged when in or above water. (Stealth+)))
You have tentacles for arms and can constrict up to eight enemies at once.


Message History

There is an open door here.
A bat is nearby!
Found a scimitar.
The bat hits you. The bat hits you but does no damage.
The bat closely misses you. The bat closely misses you. The bat misses you.
The bat hits you. The bat hits you but does no damage.
The bat barely misses you. The bat hits you. The bat closely misses you.
The bat hits you. The bat barely misses you. The bat hits you.
The bat barely misses you. The bat hits you but does no damage.
The bat completely misses you. The bat misses you. The bat misses you.
The bat barely misses you. The bat hits you. The bat closely misses you.
The bat hits you but does no damage. The bat closely misses you.
An orc comes into view. It is wielding a +0 flail.
The bat hits you but does no damage. The bat hits you but does no damage.
The bat hits you but does no damage. The bat closely misses you.
The bat misses you. The bat misses you.
The orc shouts!
You hear a shout!
The bat misses you.
An orc comes into view.
It is wielding a +0 hand axe of freezing.
The orc hits you with a +0 flail. The orc hits you with a +0 flail!
* * * LOW HITPOINT WARNING * * *
The bat completely misses you. The bat hits you but does no damage.
The orc hits you with a +0 flail!
You die...

.##############.#
#............##.#
#............##.#
#............'..#
#.....(......####
#............#
#............# #
#............#####.##
#.............b.@oo.#
#..).........########
##############


You could see 2 orcs and a bat.

Vanquished Creatures
  A dart slug (D:1)
  A bat (D:1)
  An endoplasm (D:1)
  A hobgoblin (D:1)
  4 jackals (D:1)
8 creatures vanquished.

Vanquished Creatures (others)
  2 plants (D:1)
2 creatures vanquished.

Grand Total: 10 creatures vanquished

Notes
Turn   | Place    | Note
-------+----------+-------------------------------------------
     0 | D:1      | terff the Octopode Brigand began the quest for the Orb.
     0 | D:1      | Reached XP level 1. HP: 14/14 MP: 1/1
   139 | D:1      | Found a faded altar of an unknown god.
   143 | D:1      | Reached XP level 2. HP: 19/19 MP: 2/2
   156 | D:1      | Reached skill level 6 in Stealth
   169 | D:1      | Prayed at the altar of an unknown god.
   169 | D:1      | Became a worshipper of Cheibriados the Contemplative
   169 | D:1      | Reached * piety under Cheibriados
   335 | D:3      | Mangled by an orc

Illustrated notes

Levels and vault maps discovered:
D:1:      tarquinn_simple_flora_water_e, layout_loops_cross, serial_bayou,
          serial_bayou_shore_a, serial_bayou_lake_a, serial_bayou_ford_a,
          serial_bayou_lagoon_b, hellmonk_ecumenical_altar_dog_temple,
          minivault_11, dk_noncrumbling_4, minmay_misc_feat_columns,
          grunt_decor_arrowhead
D:2:      layout_basic, corexii_corridor_pit
D:3:      layout_basic, grunt_dithmenos_smoke_and_mirrors, slow_altar_2,
          uniq_natasha

Skill      XL: |  1  2 |
---------------+-------+-----
Stealth        | 6 |  6.0
Fighting       | |  2.1
Short Blades   | |  2.1
Throwing       | |  2.0
Dodging        | |  1.0

Action                   || total
-------------------------++-------
Melee: Dagger            ||    15
       Tentacles         ||     5
       Constrict         ||     7
       Punch             ||     1
 Stab: Sleeping          ||     1
Armor: Skin              ||    11
Dodge: Dodged            ||    29
